 Dungeon Crawl Stone Soup version 0.21-a0-426-g98080a9 (webtiles) character file.

239 slep the Stinger (level 5, -13/37 HPs)
             Began as a Demonspawn Wanderer on Nov 7, 2017.
             Mangled by an ogre
             ... wielding a +0 giant spiked club
              (18 damage)
             ... on level 4 of the Dungeon.
             The game lasted 00:19:26 (3028 turns).

slep the Stinger (Demonspawn Wanderer)              Turns: 3028, Time: 00:19:27

Health: -13/37     AC: 11    Str: 13    XL:     5   Next: 79%
Magic:  5/5        EV:  9    Int: 12    God:
Gold:   233        SH:  0    Dex: 14    Spells: 4/4 levels left

rFire    . . .     SeeInvis .   w - +0 flail
rCold    . . .     Gourm    .   (no shield)
rNeg     . . .     Faith    .   a - +2 scale mail
rPois    .         Spirit   .   (no helmet)
rElec    .         Reflect  .   (no cloak)
rCorr    .         Harm     .   g - +0 pair of gloves
MR       .....                  x - +0 pair of boots
Stlth    +.........             (no amulet)
HPRegen  0.12/turn              (no ring)
MPRegen  0.09/turn              (no ring)

@: no status effects
A: nightstalker 1
a: no special abilities


You were on level 4 of the Dungeon.
You were not hungry.

You visited 1 branch of the dungeon, and saw 4 of its levels.

You collected 233 gold pieces.

Inventory:

Hand Weapons
 b - a +0 spear
 f - a +0 antimagic short sword
 s - a +2 antimagic whip
 w - a +0 flail (weapon)
Missiles
 j - 22 sling bullets
 m - 21 arrows
Armour
 a - a +2 scale mail (worn)
 g - a +0 pair of gloves (worn)
 x - a +0 pair of boots (worn)
Wands
 r - a wand of enslavement (1/24)
Scrolls
 e - a scroll of blinking {unknown}
 h - 3 scrolls of identify {unknown}
 i - 3 scrolls of teleportation {unknown}
 k - a scroll of recharging {unknown}
 n - a scroll of immolation {unknown}
 o - a scroll of enchant armour {unknown}
 p - 2 scrolls of amnesia {unknown}
 q - 3 scrolls of magic mapping {unknown}
 t - a scroll of enchant weapon {unknown}
 v - a scroll of fog {unknown}
 y - a scroll of fear {unknown}
Potions
 c - 3 potions of curing
 l - 2 potions of flight
 z - a potion of mutation {unknown}
Comestibles
 d - 5 bread rations
 u - 4 chunks of flesh


   Skills:
 + Level 1.5 Fighting
 + Level 1.6 Maces & Flails
 + Level 1.2 Polearms
 + Level 1.1 Throwing
 + Level 4.4 Armour
 + Level 1.3 Dodging
 + Level 0.1 Stealth
   Level 1.0 Shields
   Level 5.0 Poison Magic


You had 4 spell levels left.
You didn't know any spells.

Dungeon Overview and Level Annotations

Branches:
Dungeon (4/15)
 Temple: D:4-7

Altars:


Innate Abilities, Weirdness & Mutations

You are slightly more attuned to the shadows.


Message History

The ogre closely misses you.
You hit the ogre.
The ogre is heavily wounded.
The ogre closely misses you.
You sock the ogre!
The ogre is severely wounded.
The ogre closely misses you.
You hit the ogre.
The ogre is severely wounded.
You hit the ogre.
The ogre is severely wounded.
The ogre barely misses you.
You hit the ogre.
The ogre is almost dead.
The ogre hits you with a giant spiked club.
* * * LOW HITPOINT WARNING * * *
Your scale mail prevents you from hitting the ogre.
The ogre is almost dead.
The ogre hits you with a giant spiked club!!
You die...

#.....# ... #.....#
#.. .#+##....)# ... ##
..........###.#..
..........#.#.#.#
..........#.#.#.#
..>..O@...'.....#####
..........###.........
..........#
#..........
..........#
#..........
.?........#
#..........
..........#
#..........
..........#
#..........
#..........
#..........


You could see an ogre.

Vanquished Creatures
  An orc wizard (D:3)
  An iguana (D:3)
  Ijyb (D:3)
  8 adders
  A gnoll (D:1)
  2 dart slugs
  3 leopard geckos
  8 orcs
  5 bats
  3 giant cockroaches
  3 hobgoblins
  5 jackals
  6 kobolds
  A ball python (D:1)
  5 frilled lizards
  7 goblins
  3 rats
  A plant (D:3)
64 creatures vanquished.

Notes
Turn   | Place    | Note
-------+----------+-------------------------------------------
     0 | D:1      | slep the Demonspawn Wanderer began the quest for the Orb.
     0 | D:1      | slep set off with: a +2 scale mail, a +0 spear, a potion of curing, a bread ration
     0 | D:1      | Reached XP level 1. HP: 15/15 MP: 1/1
   185 | D:1      | Gained mutation: You are slightly more attuned to the shadows. [demonic ancestry]
   185 | D:1      | Reached XP level 2. HP: 20/21 MP: 2/2
   704 | D:1      | Reached XP level 3. HP: 25/26 MP: 3/3
  1158 | D:2      | Reached XP level 4. HP: 15/32 MP: 4/4
  1636 | D:3      | Reached skill level 1 in Polearms
  1636 | D:3      | Reached skill level 1 in Dodging
  1646 | D:3      | Noticed Ijyb
  1709 | D:3      | Killed Ijyb
  1827 | D:3      | Reached XP level 5. HP: 17/37 MP: 5/5
  2189 | D:3      | Reached skill level 1 in Maces & Flails
  3018 | D:4      | Noticed an ogre
  3028 | D:4      | Mangled by an ogre

Vault maps used:
D:1:      minmay_arrival_five_plusses, grunt_decor_resistance
D:2:      hangedman_abyss_or_decor_stabs
D:3:      serial_bayou, serial_bayou_lagoon_a, serial_bayou_ford_a,
          serial_bayou_shore_a, serial_bayou_pond_e, uniq_ijyb
D:4:      fedhas_altar_1

Skill      XL: |  1  2  3  4  5 |
---------------+----------------+-----
Armour         | 2 3 4 |  4.4
Polearms       | 1 |  1.2
Dodging        | 1 |  1.3
Maces & Flails | 1 |  1.6
Fighting       | |  1.5
Throwing       | |  1.1
Stealth        | |  0.1
Shields        | |  1.0
Poison Magic   | |  5.0

Action                   |  1- 3 |  4- 6 || total
-------------------------+-------+-------++-------
Melee: Spear             |   114 |    56 ||   170
       Flail             |       |   235 ||   235
  Use: Potion            |       |     6 ||     6
  Eat: Chunk             |     1 |     7 ||     8
Armor: Scale mail        |    69 |   211 ||   280
Dodge: Dodged            |    54 |   213 ||   267

Table legend:
 A = Spawn XP
 B = Non-spawn XP
 C = Spawn XP percentage of total XP
 D = Spawn monster count
 E = Non-spawn monster count
 F = Spawn count percentage of total count
 G = Total turns spent on level
                    A         B        C        D         E        F      G
               +---------+---------+-------+---------+---------+-------+---------
         Total |       0 |     342 |   0.0 |       0 |      63 |   0.0 |  3028
               +---------+---------+-------+---------+---------+-------+---------
           D:1 |       0 |      42 |   0.0 |       0 |      14 |   0.0 |   965
           D:2 |       0 |      76 |   0.0 |       0 |      16 |   0.0 |   576
           D:3 |       0 |     207 |   0.0 |       0 |      26 |   0.0 |  1395
           D:4 |       0 |      17 |   0.0 |       0 |       7 |   0.0 |    92
               +---------+---------+-------+---------+---------+-------+---------
